Map: The Vermillion Problem

Players

monk

  • Race: Protoss Protoss
  • Spawn Location: 11:00

Curufinwe

  • Race: Terran Terran
  • Spawn Location: 11:00

VOD

Have the link to the VOD?

Description

Time

  • Played on: Sept. 25, 2017, 12:59 a.m.
  • Length: 22:57
Show
View Real Time Build Order
Export as new Build Order

monk Protoss 

Build Orders:  

Get SALT Encoding   

  12  0:03  Probe (Chrono Boost)  
  13  0:16  Probe (Chrono Boost)  
  14  0:27  Probe (Chrono Boost)  
  15  0:38  Probe (Chrono Boost)  
  16  0:44  Gateway  
  16  0:49  Probe (Chrono Boost)  
  17  0:57  Assimilator  
  18  1:01  Probe (Chrono Boost)  
  18  1:08  Assimilator  
  18  1:13  Probe (Chrono Boost)  
  19  1:24  Probe (Chrono Boost)  
  20  1:35  Probe (Chrono Boost)  
  21  1:46  Probe (Chrono Boost)  
  22  1:50  Cybernetics Core  
  22  1:58  Probe (Chrono Boost)  
  23  2:09  Probe (Chrono Boost)  
  25  2:20  Probe (Chrono Boost)  
  26  2:31  Probe (Chrono Boost)  
  26  2:42  Probe (Chrono Boost)  
  26  2:44  Gateway  
  26  2:45  Twilight Council  
  26  2:47  Pylon  
  27  2:53  Probe (Chrono Boost)  
  28  3:04  Probe (Chrono Boost)  
  29  3:15  Probe (Chrono Boost)  
  30  3:34  Whirlwind (Chrono Boost)  
  30  3:44  Templar Archives  
  30  3:51  Probe  
  31  4:08  Probe  
  32  4:12  Zealot x3  
  32  4:13  Zealot  
  40  4:25  Probe  
  41  4:42  Probe (Chrono Boost)  
  42  4:50  High Templar  
  42  4:52  High Templar  
  42  4:53  Archon  
  42  4:58  Probe (Chrono Boost)  
  47  5:17  Probe (Chrono Boost)  
  48  5:25  Nexus  
  48  5:28  Probe (Chrono Boost)  
  49  5:39  Probe (Chrono Boost)  
  50  5:46  Assimilator  
  50  5:49  Assimilator  
  51  5:51  Probe (Chrono Boost)  
  51  6:01  Psionic Storm  
  51  6:02  Probe (Chrono Boost)  
  51  6:06  Charge  
  52  6:13  Probe (Chrono Boost)  
  53  6:23  Zealot  
  53  6:24  Zealot, Probe (Chrono Boost)  
  58  6:30  Khaydarin Amulet  
  58  6:39  Probe (Chrono Boost)  
  59  6:44  Zealot  
  59  6:46  Zealot  
  64  6:50  Probe (Chrono Boost)  
  64  7:01  Probe (Chrono Boost)  
  64  7:11  Probe (Chrono Boost)  
  64  7:12  Probe (Chrono Boost)  
  66  7:22  Probe (Chrono Boost)  
  66  7:23  Probe (Chrono Boost)  
  68  7:34  Probe (Chrono Boost)  
  68  7:35  Probe (Chrono Boost)  
  68  7:46  Probe (Chrono Boost)  
  69  7:56  Forge  
  69  7:57  Probe (Chrono Boost)  
  70  8:00  Gateway  
  71  8:10  Probe (Chrono Boost)  
  71  8:16  High Templar, Probe (Chrono Boost)  
  71  8:17  High Templar  
  71  8:18  Protoss Ground Weapons Level 1 (Chrono Boost)  
  75  8:25  Probe  
  76  8:33  Archon  
  76  8:36  Probe  
  76  8:37  High Templar  
  76  8:38  High Templar  
  76  8:39  Archon  
  81  8:40  Zealot x2  
  74  9:03  Zealot  
  70  9:11  Plasma Surge  
  70  9:16  Gateway  
  70  9:18  Gateway  
  70  9:23  Gateway  
  70  9:26  Gateway  
  70  9:28  Zealot x2  
  74  9:45  Gateway  
  74  9:48  Robotics Facility  
  74  9:59  Forge  
  74  10:09  Zealot  
  76  10:35  High Templar x2  
  76  10:36  Archon  
  80  10:51  High Templar x2  
  80  10:52  Zealot  
  80  10:53  Zealot x9  
  104  11:05  Archon  
  104  11:06  Zealot x3  
  110  11:13  Protoss Ground Weapons Level 2 (Chrono Boost)  
  110  11:17  Protoss Shields Level 1 (Chrono Boost)  
  110  11:41  Zealot x2  
  110  11:42  Zealot x2  
  118  12:04  High Templar x2  
  118  12:05  Archon  
  119  12:35  Zealot  
  119  12:36  Zealot x6  
  119  12:37  Zealot  
  128  12:51  High Templar x2  
  128  12:52  Zealot x2  
  128  12:53  Archon  
  128  12:57  Zealot x3  
  128  12:58  Zealot  
  142  13:19  Zealot x5  
  144  13:30  Zealot x2  
  148  13:40  Probe, Pylon  
  147  13:51  Zealot x5  
  147  13:52  High Templar  
  147  13:55  High Templar  
  158  14:02  Archon  
  158  14:11  High Templar  
  158  14:12  High Templar  
  162  14:25  Zealot x5  
  172  14:32  Archon  
  164  14:52  Zealot x4  
  164  14:53  Zealot x2  
  176  15:27  High Templar  
  176  15:28  High Templar  
  180  15:39  Zealot x4  
  184  15:40  Zealot, High Templar  
  184  15:41  High Templar  
  184  15:44  Archon  
  184  15:45  Archon  
  190  15:55  Observer  
  189  16:15  Zealot x2  
  189  16:16  Zealot x3  
  198  16:34  High Templar  
  198  16:39  High Templar  
  198  16:44  Archon  
  183  17:03  Observer  
  183  17:05  Zealot x6  
  183  17:06  Zealot x2  
  199  17:21  Probe  
  189  17:38  Zealot x6  
  189  17:39  Zealot x5  
  199  17:41  Protoss Ground Armor Level 1 (Chrono Boost)  
  199  17:46  Observer, Protoss Ground Weapons Level 3 (Chrono Boost)  
  200  17:58  Assimilator  
  188  18:23  Zealot x4  
  188  18:27  Observer x2  
  164  19:16  Probe  
  154  19:28  Observer x2  
  154  19:32  Zealot  
  154  19:33  Zealot x8, Probe  
  173  19:40  High Templar  
  173  19:41  High Templar  
  173  19:43  Archon  
  176  19:50  Probe  
  177  20:25  Observer  
  178  20:39  Probe  
  179  20:56  Probe  
  180  21:10  Probe  
  180  21:13  Probe  
  182  21:30  Probe  
  183  21:47  Probe  
  182  22:04  High Templar  
  182  22:05  High Templar  
  186  22:10  Archon  
Show
View Real Time Build Order
Export as new Build Order

Curufinwe Terran 

Build Orders:  

Get SALT Encoding   

Tags
 
Add a new tag
Caveats
  • Supply blocks, unpowered buildings, or Contaminate may cause inaccurate times.
  • Supply counts are checked every 10 seconds.